 Dungeon Crawl Stone Soup version 0.31-a0-177-g4aa6249778 (webtiles) character file.

Game seed: 11840687063392099524

95977 juan097 the Severer (level 15, -3/134 (144) HPs)
             Began as a Minotaur Berserker on June 10, 2023.
             Was the Champion of Trog.
             Killed from afar by a necromancer (25 damage)
             ... with a bolt of negative energy
             ... while paralysed by a floating eye
             ... on level 14 of the Dungeon on June 18, 2023.
             The game lasted 00:58:41 (20995 turns).

juan097 the Severer (Minotaur Berserker)           Turns: 20995, Time: 00:58:42

HP:   -3/134 (144)  AC: 32    Str: 28    XL:     15   Next: 67%
MP:   14/14         EV:  2    Int:  4    God:    Trog [******]
Gold: 455           SH:  0    Dex: 13    Spells: 14/14 levels left

rFire   + . .        a - +2 battleaxe (flame)
rCold   + . .        (shield currently unavailable)
rNeg    . . .        p - +2 gold dragon scales
rPois   +            (helmet restricted)
rElec   .            Q - +2 cloak {rCorr}
rCorr   +            r - +0 pair of gloves
SInv    +            w - +0 pair of boots
Will    +....        y - amulet of regeneration Stlth
                     B - ring of Vyunt {Str+2 SInv}
HPRegen 1.22/turn    U - +4 ring of protection
MPRegen 0.14/turn

%: no passive effects
@: paralysed, about to teleport, slowed, drained
A: horns 2, retaliatory headbutt
a: Renounce Religion, Berserk, Trog's Hand, Brothers in Arms


You were on level 14 of the Dungeon.
You worshipped Trog.
Trog was exalted by your worship.
You visited 3 branches of the dungeon, and saw 21 of its levels.
You also visited: Volcano.

You collected 2364 gold pieces.
You spent 1909 gold pieces at shops.

Inventory:

Hand Weapons
 a - a +2 battleaxe of flaming (weapon)
 b - a +2 orcbow of freezing
 J - a +5 executioner's axe of draining
 M - a +6 broad axe
Missiles
 t - 10 boomerangs (quivered)
 E - 4 javelins
 P - 10 curare-tipped darts
 Z - 2 throwing nets
Armour
 p - +2 gold dragon scales (worn)
 r - a +0 pair of gloves (worn)
 w - a +0 pair of boots (worn)
 Q - a +2 cloak of preservation (worn)
Jewellery
 l - an amulet of the acrobat
 v - a ring of ice
 y - an amulet of regeneration (around neck)
 B - the ring of Vyunt (left hand) {Str+2 SInv}
   (You found it on level 14 of the Dungeon)

   [ring of see invisible]

   Str:       It affects your strength (+2).
   SInv:      It lets you see invisible.
 N - a ring of flight
 U - a +4 ring of protection (right hand)
 V - a ring of protection from fire
Wands
 k - a wand of flame (61)
 z - a wand of digging (4)
 D - a wand of light (13)
 G - a wand of iceblast (12)
 L - a wand of charming (14)
Scrolls
 d - 3 scrolls of fear
 h - 2 scrolls of summoning
 n - 7 scrolls of teleportation
 u - 6 scrolls of fog
 x - 3 scrolls of revelation
 C - 4 scrolls of silence
 F - 2 scrolls of torment
 H - 4 scrolls of blinking
 K - 3 scrolls of enchant weapon
Potions
 c - 4 potions of might
 e - 2 potions of ambrosia
 f - 4 potions of degeneration {unknown}
 g - 14 potions of curing
 i - 7 potions of heal wounds
 j - 3 potions of magic {unknown}
 m - 5 potions of haste
 o - 4 potions of mutation {unknown}
 q - 4 potions of berserk rage {unknown}
 s - 2 potions of enlightenment {unknown}
 A - a potion of resistance
 I - a potion of lignification {unknown}
 R - 3 potions of attraction
 S - a potion of brilliance
 T - 2 potions of invisibility {unknown}
Miscellaneous
 Y - a lightning rod (4/4)


   Skills:
 + Level 16.2 Fighting
 - Level 18.0 Axes
 - Level 6.0 Ranged Weapons
 + Level 6.4 Throwing
 + Level 14.2 Armour
 - Level 10.0 Dodging
 - Level 4.0 Stealth
 + Level 10.2 Evocations


You had 14 spell levels left.
You didn't know any spells.
Your spell library was empty.

Dungeon Overview and Level Annotations

Branches:
Dungeon (14/15)            Temple (0/1) D:7            Lair (5/5) D:8
 Shoals (0/4) Lair:3        Snake (0/4) Lair:3        Slime (0/5) Lair:4
    Orc (2/2) D:9             Elf (0/3) Orc:2        Vaults (0/5) D:14
Volcano (visited)

Altars:
Dithmenos
Elyvilon
Fedhas
Hepliaklqana
Makhleb
Okawaru
Qazlal
Sif Muna
Trog
Uskayaw
Vehumet
Wu Jian
The Shining One
Jiyva

Shops:
D:12 [   Orc:2 !(=*

Portals:
Hell: Lair:5

Annotations:
D:5 Duvessa, Ijyb
D:8 smokingjp's ghost, journeyman FoFi
D:10 1 runed translucent door
D:13 3 runed translucent doors, Leavold's ghost, journeyman TeAE; Nialiw's ghost, journeyman GnHu
Lair:2 ryw's ghost, journeyman DsMo
Lair:4 exclusion: oklob plant


Innate Abilities, Weirdness & Mutations

You have a pair of horns on your head.
You reflexively headbutt those who attack you in melee.


Message History

As you read the scroll of teleportation, it crumbles to dust.
You feel strangely unstable.
The necromancer hits you but does no damage.
The necromancer casts a spell at you.
The bolt of negative energy hits you but does no damage.
The sphinx mumbles some strange words.
Something smites you!
You barely miss the sphinx.
The sphinx is severely wounded.
You hit the necromancer but do no damage.
You closely miss the necromancer.
The tengu conjurer drinks a potion.
The tengu conjurer seems to grow stronger.
The necromancer hits you but does no damage.
The orc sorcerer gestures wildly while chanting.
The sphinx hits you! The sphinx hits you.
The sphinx hits you but does no damage.
The floating eye gazes piercingly through the necromancer!
You suddenly lose the ability to move!
The necromancer points at you and mumbles some strange words.
Your body is wracked with pain!
* * * LOW HITPOINT WARNING * * *
The sphinx mumbles some strange words.
You feel yourself slow down.
The orc sorcerer gestures wildly while chanting.
The necromancer casts a spell.
The necromancer binds the souls of nearby monsters.
The necromancer gestures at you while chanting.
The bolt of negative energy hits you!
You feel drained.
* * * LOW HITPOINT WARNING * * *
The floating eye seems to glare at you.
The sphinx mumbles some strange words.
You shrug off the repeated paralysis!
The wizard gestures wildly while chanting.
The wizard blinks!
The necromancer hits you but does no damage. x2
The sphinx mumbles some strange words.
You struggle to resist.
The necromancer casts a spell at you. The bolt of negative energy hits you!!
You feel drained.
You die...

# #.#######################.
# #.#8..#:#.#.#.#o# .. #.
########.#.....Q......p.
...#.
....##...#⌠..##O##.##?...
.##..#. ###.##.#.#p.....
Oo4..###. Q..8#. #
#.##.#.#8...8#gp4#### ..
#..#. ###.##.#.###'####*## .
####.Q#.
...........#[:⌠#8pQ#....
8.8..♣#.
###.##....©#.:G#@HT'....
....GT#©
....##.....#::⌠#8pG#....
.8.g♣#. ########.###'####Z##
. ###Hg#. #.#8...8#...####
...#.p#. #.#gQ....
.....###.....8#.
#.#Q..##.##.##......##..#.
#.#gg............ . #...#.
#.#8..#.#.#.#.#G# .... #.
###.#######################.


You could see a sphinx (soul bound), an ogre mage (invisible), 2 orange demons,
a deep troll earth mage (soul bound), 2 necromancers, a wizard (soul bound), an
orc sorcerer (soul bound), a tengu conjurer (soul bound, strong), 2 floating
eyes, a battlesphere (distracted) and a boggart simulacrum.

Vanquished Creatures
  Kirke (D:13)
  Gastronok (D:11)
  An orc warlord (Orc:2)
  Snorg (D:14)
  Josephine (D:13)
  Harold (Lair:2)
  Fannar (Orc:1)
  5 vault guards (D:14)
  7 hydras
  Erica (D:9)
  A catoblepas (Lair:5)
  A centaur warrior (Volcano)
  7 death yaks
  5 two-headed ogres
  3 boulder beetles
  2 orc high priests
  A skyshark (Lair:5)
  A sixfirhy (Lair:5)
  A hell knight (Volcano)
  A lindwurm (Lair:5)
  A wizard (D:14)
  Pikel (D:4)
  7 cyclopes
  8 orc knights
  12 ugly things
  3 manticores
  6 orc sorcerers
  19 elephants
  Maurice (D:9)
  4 black mambas
  A torpor snail (Lair:5)
  17 cane toads
  A smoke demon (Lair:5)
  2 unseen horrors (D:12)
  2 gargoyles
  9 rime drakes
  2 freezing wraiths (D:14)
  An efreet (D:13)
  14 komodo dragons
  2 kobold demonologists
  A yaktaur (Volcano)
  2 red devils (Lair:5)
  3 ice devils (Lair:5)
  9 trolls
  A wind drake (Lair:3)
  A hornet (D:8)
  3 polar bears
  5 saltlings (Orc:2)
  8 blink frogs
  5 slime creatures (D:13)
  3 shadows
  42 yaks
  5 wraiths
  6 wyverns
  A hog (D:13)
  A steam dragon (Lair:1)
  7 humans (D:14)
  2 vampire mosquitoes (D:12)
  3 basilisks
  Menkaure (D:7)
  2 wargs
  3 nagas (Lair:3)
  4 hell hounds (Lair:5)
  2 acid dragons
  21 water moccasins
  A black bear (D:8)
  2 sky beasts (D:7)
  3 ice beasts
  32 orc warriors
  14 wolves
  3 boggarts (D:14)
  6 centaurs
  9 ogres
  3 kobold brigands
  Blork the orc (D:4)
  19 bullfrogs
  A gnoll sergeant (D:12)
  2 scorpions
  6 wights
  4 killer bees
  8 electric eels
  5 howler monkeys
  5 jellies
  27 orc priests
  3 sleepcaps
  Jessica (D:2)
  2 gnoll boudas
  5 iguanas
  26 orc wizards
  12 hell rats
  12 gnolls
  7 adders
  A shadow imp (D:6)
  2 white imps
  3 worms
  2 dart slugs
  87 orcs
  5 ball pythons
  10 endoplasms
  2 giant cockroaches (D:1)
  5 goblins
  5 hobgoblins
  12 jackals
  5 quokkas
  9 bats
  3 frilled lizards
  17 kobolds
  4 rats
688 creatures vanquished.

Vanquished Creatures (collateral kills)
  An orc knight (Orc:2)
  A gnoll (D:9)
  2 orcs (D:9)
4 creatures vanquished.

Vanquished Creatures (others)
  A wizard (Lair:5)
  2 killer bees (D:9)
3 creatures vanquished.

Grand Total: 695 creatures vanquished

Notes
Turn   | Place    | Note
-------+----------+-------------------------------------------
     0 | D:1      | juan097 the Minotaur Berserker began the quest for the Orb.
     0 | D:1      | Reached XP level 1. HP: 19/19 MP: 0/0
   159 | D:1      | Reached skill level 4 in Axes
   208 | D:1      | Reached XP level 2. HP: 17/27 MP: 1/1
   380 | D:1      | Reached skill level 1 in Stealth
   517 | D:1      | Reached XP level 3. HP: 27/33 MP: 2/2
   970 | D:2      | Noticed Jessica
   983 | D:2      | Killed Jessica
  1225 | D:2      | Found a faded altar of an unknown god.
  1275 | D:2      | Reached XP level 4. HP: 41/41 MP: 3/3
  1314 | D:2      | Reached ** piety under Trog
  1315 | D:2      | Reached skill level 5 in Axes
  2330 | D:3      | Reached XP level 5. HP: 47/47 MP: 4/4
  2441 | D:3      | Reached skill level 5 in Fighting
  2441 | D:3      | Reached skill level 6 in Axes
  2555 | D:3      | Found a shimmering blue altar of Sif Muna.
  2594 | D:4      | Reached *** piety under Trog
  2624 | D:4      | Noticed Blork the orc
  2635 | D:4      | Killed Blork the orc
  2636 | D:4      | Reached XP level 6. HP: 31/56 MP: 5/5
  2952 | D:4      | Noticed Pikel
  3283 | D:4      | Found a blossoming altar of Fedhas.
  3337 | D:4      | Reached skill level 7 in Axes
  3525 | D:4      | Reached XP level 7. HP: 62/62 MP: 6/6
  3661 | D:4      | Killed Pikel
  3662 | D:4      | Reached skill level 8 in Axes
  3662 | D:4      | Reached XP level 8. HP: 44/71 MP: 7/7
  3755 | D:4      | Reached skill level 9 in Axes
  3773 | D:4      | Found a hazy altar of Hepliaklqana.
  3871 | D:5      | Entered Level 5 of the Dungeon
  4011 | D:5      | Noticed Ijyb
  4049 | D:5      | Found a white marble altar of Elyvilon.
  4452 | D:5      | Reached skill level 10 in Axes
  4483 | D:5      | Noticed Duvessa
  4846 | D:6      | Reached **** piety under Trog
  4972 | D:5      | Reached skill level 11 in Axes
  4972 | D:5      | Reached XP level 9. HP: 63/81 MP: 8/8
  5383 | D:6      | Reached skill level 1 in Evocations
  5485 | D:7      | Found a staircase to the Ecumenical Temple.
  5724 | D:7      | Noticed Menkaure
  5730 | D:7      | Killed Menkaure
  5899 | D:8      | Reached skill level 12 in Axes
  6044 | D:8      | Reached skill level 5 in Armour
  6178 | D:8      | Found a staircase to the Lair.
  6373 | D:8      | Reached XP level 10. HP: 59/88 MP: 9/9
  6384 | D:8      | Reached skill level 5 in Evocations
  6524 | D:8      | Found a runed translucent gate.
  6524 | D:8      | Found a runed translucent gate.
  6524 | D:8      | Found a runed translucent gate.
  6526 | D:8      | Noticed smokingjp's ghost (journeyman FoFi)
  7078 | D:9      | Noticed a sun demon
  7082 | D:9      | Found a bloodstained altar of Trog.
  7102 | D:9      | Noticed Erica
  7134 | D:9      | Reached skill level 1 in Throwing
  7384 | D:9      | Reached ***** piety under Trog
  7413 | D:9      | Killed Erica
  7414 | D:9      | Reached skill level 5 in Dodging
  7479 | D:9      | Noticed Maurice
  7508 | D:9      | Killed Maurice
  7690 | D:9      | Found a hide-covered altar of Uskayaw.
  7691 | D:9      | Found a stormy altar of Qazlal.
  7691 | D:9      | Found a staircase to the Orcish Mines.
  7692 | D:9      | Found an ornate altar of the Wu Jian Council.
  7859 | D:9      | Upgraded the game from 0.31-a0-152-g6aa68a64a1 to
                  | 0.31-a0-154-g56bf346678
  7895 | Orc:1    | Entered Level 1 of the Orcish Mines
  7907 | Orc:1    | Found a dark tunnel.
  7983 | Orc:1    | Reached XP level 11. HP: 73/97 MP: 10/10
  8032 | Volcano  | Entered a volcano
  8071 | Volcano  | Noticed a centaur warrior
  8079 | Volcano  | Killed a centaur warrior
  8080 | Volcano  | Reached skill level 1 in Ranged Weapons
  8131 | Volcano  | Noticed a hell knight
  8140 | Volcano  | Killed a hell knight
  8180 | Orc:1    | Noticed an orc high priest
  8196 | Orc:1    | Killed an orc high priest
  8217 | Orc:1    | Reached skill level 13 in Axes
  8435 | Orc:2    | Entered Level 2 of the Orcish Mines
  8454 | Orc:2    | Noticed an orc knight
  8762 | Orc:1    | Killed an orc knight
  8845 | Orc:2    | Noticed an orc knight
  8916 | Orc:1    | Killed an orc knight
  8917 | Orc:1    | Reached skill level 10 in Fighting
  9251 | Orc:2    | Reached skill level 5 in Throwing
  9288 | Orc:2    | Noticed an orc knight
  9306 | Orc:2    | Killed an orc knight
  9352 | Orc:2    | Noticed an orc sorcerer
  9358 | Orc:2    | Killed an orc sorcerer
  9375 | Orc:2    | Noticed an orc sorcerer
  9383 | Orc:2    | Killed an orc sorcerer
  9394 | Orc:2    | Reached XP level 12. HP: 107/107 MP: 11/11
  9398 | Orc:2    | Received a gift from Trog
  9400 | Orc:2    | Noticed an orc warlord
  9422 | Orc:2    | Killed an orc warlord
  9564 | Orc:2    | Found a staircase to the Elven Halls.
  9737 | Orc:2    | Noticed an orc high priest
  9746 | Orc:2    | Killed an orc high priest
  9747 | Orc:2    | Reached skill level 14 in Axes
  9817 | Orc:2    | Found Cahah's Distillery.
  9835 | Orc:2    | Found Wuxeyky's Jewellery Shoppe.
  9853 | Orc:2    | Found Gokh's Weapon Shoppe.
  9878 | Orc:2    | Found Xagecwigh's General Store.
  9904 | Orc:2    | Reached skill level 10 in Armour
 10020 | Orc:1    | Noticed Fannar
 10036 | Orc:1    | Killed Fannar
 10037 | Orc:1    | Reached skill level 15 in Axes
 10240 | Orc:2    | Bought a potion of attraction for 54 gold pieces
 10240 | Orc:2    | Bought a potion of might for 72 gold pieces
 10271 | Orc:2    | Bought a potion of haste for 130 gold pieces
 10271 | Orc:2    | Bought a potion of heal wounds for 65 gold pieces
 10446 | Orc:2    | Bought a ring of poison resistance for 300 gold pieces
 10525 | D:10     | Entered Level 10 of the Dungeon
 10640 | D:10     | Identified the +5 shortbow "Orb Guardian's Curse" {freeze,
                  | *Corrode rC++ rN++ Int-3}
 10844 | D:10     | Found a shadowy altar of Dithmenos.
 10865 | D:10     | Found a runed translucent door.
 11028 | D:10     | Found an iron altar of Okawaru.
 11079 | D:10     | Identified the +1 robe of the World {rPois Str+5}
 11684 | D:11     | Received a gift from Trog
 11994 | D:11     | Noticed Gastronok
 12013 | D:11     | Killed Gastronok
 12014 | D:11     | Reached skill level 16 in Axes
 12014 | D:11     | Reached XP level 13. HP: 101/118 MP: 12/12
 12564 | Lair:1   | Entered Level 1 of the Lair of Beasts
 12926 | Lair:1   | Reached skill level 5 in Ranged Weapons
 13566 | Lair:2   | Found a runed translucent gate.
 13566 | Lair:2   | Noticed Harold
 13567 | Lair:2   | Found a runed translucent gate.
 13567 | Lair:2   | Noticed ryw's ghost (journeyman DsMo)
 13568 | Lair:2   | Found a runed translucent gate.
 13718 | Lair:2   | Killed Harold
 13873 | Lair:2   | Reached ****** piety under Trog
 14364 | Lair:2   | Received a gift from Trog
 14749 | Lair:2   | Identified the +8 long sword of Disintegration {heavy,
                  | Drain rElec rPois rC-}
 15099 | Lair:3   | Found a staircase to the Shoals.
 15276 | Lair:3   | Reached XP level 14. HP: 112/129 MP: 13/13
 15513 | Lair:3   | Found a staircase to the Snake Pit.
 15907 | Lair:3   | Reached skill level 17 in Axes
 15931 | Lair:3   | Received a gift from Trog
 16051 | Lair:4   | Reached skill level 10 in Dodging
 16241 | Lair:4   | Found a viscous altar of Jiyva.
 16410 | Lair:4   | Found a staircase to the Slime Pits.
 16840 | Lair:5   | Entered Level 5 of the Lair of Beasts
 17682 | Lair:5   | Received a gift from Trog
 17934 | Lair:5   | Found a burning altar of Makhleb.
 17962 | Lair:5   | Reached XP level 15. HP: 118/139 MP: 14/14
 18008 | Lair:5   | Reached skill level 18 in Axes
 18050 | Lair:5   | Found a gateway to Hell.
 18298 | Lair:5   | Upgraded the game from 0.31-a0-154-g56bf346678 to
                  | 0.31-a0-177-g4aa6249778
 18775 | D:12     | Found Xukhle's Armour Shop.
 18781 | D:12     | Bought +2 gold dragon scales for 1288 gold pieces
 19305 | D:13     | Found a runed translucent gate.
 19305 | D:13     | Found a runed translucent gate.
 19305 | D:13     | Found a runed translucent gate.
 19310 | D:13     | Identified the +1 falchion of Disgust {venom, rC+ rCorr
                  | Str+2 Int+3}
 19378 | D:13     | Noticed Leavold's ghost (journeyman TeAE)
 19378 | D:13     | Noticed Nialiw's ghost (journeyman GnHu)
 19445 | D:13     | Noticed Kirke
 19456 | D:13     | Killed Kirke
 19457 | D:13     | Reached skill level 15 in Fighting
 19556 | D:13     | Noticed Josephine
 19565 | D:13     | Killed Josephine
 19721 | D:13     | Found a glowing golden altar of the Shining One.
 20070 | D:14     | Received a gift from Trog
 20077 | D:14     | Identified the ring of Vyunt {Str+2 SInv}
 20164 | D:14     | Noticed Snorg
 20185 | D:14     | Killed Snorg
 20190 | D:14     | Reached skill level 10 in Evocations
 20244 | D:14     | Found a stormy altar of Qazlal.
 20288 | D:14     | Found a transporter.
 20291 | D:14     | Noticed a sphinx
 20292 | D:14     | Found a radiant altar of Vehumet.
 20766 | D:14     | Found a gate to the Vaults.
 20985 | D:14     | Paralysed by a floating eye for 2 turns
 20992 | D:14     | Paralysed by a floating eye for 4 turns
 20995 | D:14     | Killed from afar by a necromancer

Illustrated notes

Levels and vault maps discovered:
D:1:      dpeg_arrival_rhombi, layout_rooms, minmay_misc_feat_nine_boxes,
          chequers_avenue, st_stairs_3
D:2:      layout_basic, chequers_ecumenical_altar_island, uniq_jessica
D:3:      layout_loops_ring, nicolae_sif_muna_little_library,
          minmay_misc_feat_plants, kennysheep_orc_chapel
D:4:      layout_cave_pools, fedhas_altar_4, overflow_temple_1_default,
          chequers_serial_rivers_large_a, uniq_pikel, uniq_blork_the_orc
D:5:      minmay_general_purpose_star, layout_loops_cross,
          mainiacjoe_overflow_surrounded_room, uniq_duvessa, uniq_ijyb
D:6:      layout_rooms, grunt_ministairs_4
D:7:      layout_rooms, minmay_temple_entry_trees, hex_tiny, kennysheep_donut,
          uniq_menkaure
D:8:      layout_loops_ring, lair_entry_dummy, biasface_ghost_orc_armoury,
          corexii_corridor_pit, kennysheep_kite_vault
D:9:      layout_rooms, trog_three_pillars_becter,
          chequers_temple_overflow_statue_of_worship, orc_0_dummy, uniq_maurice,
          uniq_erica
D:10:     cheibrodos_shockbox, layout_basic, grunt_dithmenos_smoke,
          nicolae_overflow_hidden_temple, minivault_22, serial_bayou_pond_d
D:11:     layout_cave_pods, hangedman_decor_clover_reticule, uniq_gastronok
D:12:     layout_loops_ring, serial_shops, shop, nicolae_elevator_lobby_plus
D:13:     layout_big_octagon, gammafunk_ghost_cemetery,
          nicolae_tso_carved_into_rock, uniq_kirke, uniq_josephine
D:14:     gammafunk_sealed_library, layout_loops_corners,
          ximxim_vaults_locker_room, nicolae_qazlal_scattered_showers,
          uniq_snorg
Lair:1:   layout_loops_ring, serial_bayou_pond_e, minivault_25, minivault_24,
          minmay_hedge_maze, chequers_serial_rivers_room_b
Lair:2:   layout_long_grid, gammafunk_ghost_hydra_chop, grunt_megastairs_2,
          uniq_harold
Lair:3:   layout_small_grid, minmay_shoals_entry_beasts,
          nicolae_snake_entry_squirm
Lair:4:   layout_regular_city, nicolae_slime_entry_field_trip,
          columned_hall_lemuel, dreamdust_gnoll_shepherd, serial_bayou_shore_a
Lair:5:   evil_forest, layout_gridlike, grunt_megastairs_3,
          infiniplex_staircase_pool_2, serial_bayou_shore_b
Orc:1:    layout_caves, nicolae_volcano_entry_lava_flow, uniq_fannar
Orc:2:    hellmonk_orc_salted, layout_caves

Skill      XL: |  1  2  3  4  5  6  7  8  9 10 11 12 13 14 15 |
---------------+----------------------------------------------+-----
Axes           | 4 5 6 7 8 11 12 13 16 17 18 | 18.0
Fighting       | 4 5 6 8 9 10 12 13 14 16 | 16.2
Stealth        | 1 2 3 4 |  4.0
Armour         | 3 6 7 9 10 11 13 14 | 14.2
Dodging        | 4 5 7 8 9 10 | 10.0
Evocations     | 4 6 7 9 10 | 10.2
Throwing       | 3 5 6 |  6.4
Ranged Weapons | 4 6 |  6.0

Action                     |  1- 3 |  4- 6 |  7- 9 | 10-12 | 13-15 || total
---------------------------+-------+-------+-------+-------+-------++-------
  Melee: Hand axe          |    85 |   103 |       |       |       ||   188
         Headbutt          |    11 |    25 |    31 |   104 |   167 ||   338
         Punch             |     2 |       |     2 |     3 |       ||     7
         War axe           |       |    31 |   235 |   172 |       ||   438
         Battleaxe         |       |       |       |   343 |   763 ||  1106
   Fire: Sling             |     2 |       |       |       |       ||     2
         Orcbow            |       |       |       |    90 |   214 ||   304
  Throw: Stone             |     5 |    25 |    22 |     9 |       ||    61
         Dart              |       |       |       |     1 |       ||     1
         Boomerang         |       |       |       |       |    11 ||    11
 Invoke: Berserk           |     1 |     1 |       |    10 |     1 ||    13
         Trog's Hand       |       |     1 |     2 |     3 |     3 ||     9
  Evoke: Wand              |       |       |     3 |    10 |     1 ||    14
    Use: Scroll            |       |       |     1 |    12 |    10 ||    23
         Potion            |       |       |       |     1 |       ||     1
   Stab: Sleeping          |       |     6 |     9 |       |       ||    15
 Armour: Animal skin       |     8 |       |       |       |       ||     8
         Leather armour    |    12 |       |       |       |       ||    12
         Robe              |     1 |    44 |    53 |    55 |       ||   153
         Chain mail        |       |       |       |   127 |   461 ||   588
         Gold dragon scale |       |       |       |       |   125 ||   125
  Dodge: Dodged            |    60 |    79 |   103 |   283 |   492 ||  1017

Table legend: (Time is in decaauts)
 A = Elapsed time spent in this place.
 B = Non-inter-level travel time spent in this place.
 C = Inter-level travel time spent in this place.
 D = Time resting spent in this place.
 E = Time spent auto-exploring this place.
 F = Levels seen in this place.
 G = Mean time per level.
                   A        B        C        D        E       F      G
               +--------+--------+--------+--------+--------+-----+--------+
         Total |  21150 |  19538 |   1612 |     74 |  14308 |  22 |  961.4 |
       Dungeon |  12588 |  11608 |    980 |     48 |   8708 |  14 |  899.1 |
          Lair |   5879 |   5615 |    264 |      6 |   4308 |   5 | 1175.8 |
  Orcish Mines |   2556 |   2189 |    367 |     18 |   1291 |   2 | 1278.0 |
       Volcano |    127 |    127 |      0 |      2 |      0 |   1 |  127.0 |
               +--------+--------+--------+--------+--------+-----+--------+

Top non-repeatable levels by time:
   Orc:2: 1592 daAuts
  Lair:5: 1370 daAuts
     D:8: 1354 daAuts
  Lair:3: 1213 daAuts
     D:1: 1162 daAuts
  Lair:2: 1139 daAuts
  Lair:1: 1122 daAuts
    D:10: 1103 daAuts
     D:3: 1061 daAuts
    D:14: 1056 daAuts
     D:4: 1054 daAuts
  Lair:4: 1033 daAuts
    D:11: 1017 daAuts
   Orc:1: 963 daAuts
     D:5: 954 daAuts
